 Dungeon Crawl Stone Soup version 0.16.2-12-gd0ad4c3 (webtiles) character file.

115 Meamyr the Shield-Bearer (level 4, -7/41 HPs)
             Began as a Minotaur Fighter on Oct 23, 2015.
             Was an Initiate of Okawaru.
             Killed by nerve-wracking pain
             ... invoked by an orc priest
              (13 damage)
             ... on level 3 of the Dungeon.
             The game lasted 00:12:24 (1435 turns).

Meamyr the Shield-Bearer (Minotaur Fighter)         Turns: 1435, Time: 00:12:26

Health: -7/41      AC:  7    Str: 22    XL:     4   Next: 68%
Magic:  2/2        EV:  7    Int:  5    God:    Okawaru [......]
Gold:   107        SH:  9    Dex:  9    Spells: 0 memorised, 3 levels left

rFire  . . .     SeeInvis .     g - +2 hand axe (chop)
rCold  . . .     Clarity  .     b - +0 scale mail
rNeg   . . .     SustAb   .     c - +0 shield
rPois  .         Gourm    .     (helmet restricted)
rElec  .         Spirit   .     (no cloak)
rCorr  .         Warding  .     (no gloves)
rMut   .         Stasis   .     (no boots)
MR     .....                    (no amulet)
Stlth  ..........               (no ring)
                                (no ring)

@: not resistant to hostile enchantments, extremely unstealthy
A: retaliatory headbutt, horns 2
a: Renounce Religion


You were on level 3 of the Dungeon.
You worshipped Okawaru.
Okawaru was noncommittal.
You were not hungry.

You visited 1 branch of the dungeon, and saw 4 of its levels.

You collected 107 gold pieces.

Inventory:

Hand weapons
 g - a +2 hand axe of chopping (weapon)
Missiles
 q - 7 tomahawks of returning (quivered)
Armour
 b - a +0 scale mail (worn)
 c - a +0 shield (worn)
 r - a +0 ring mail
Scrolls
 h - 2 scrolls of magic mapping {unknown}
 i - 8 scrolls of identify {unknown}
Potions
 e - a potion of might
 f - a potion of experience {unknown}
 j - a potion of mutation {unknown}
 k - 2 potions of invisibility {unknown}
 l - a potion of cancellation {unknown}
 m - a potion of heal wounds {unknown}
 n - 2 potions of curing {unknown}
 p - a potion of ambrosia {unknown}
Comestibles
 d - 4 bread rations
 o - a chunk of flesh


   Skills:
 + Level 4.3 Fighting
 + Level 3.4 Axes
 + Level 4.5 Armour
 + Level 0.4 Dodging
 + Level 0.1 Stealth
 + Level 4.7 Shields


You had 3 spell levels left.
You didn't know any spells.

Dungeon Overview and Level Annotations

Branches:
Dungeon (4/15)
 Temple: D:4-7

Altars:
Okawaru


Innate Abilities, Weirdness & Mutations

You reflexively headbutt those who attack you in melee.
You have a pair of horns on your head.


Message History

You block the orc's attack.
You closely miss the orc. You headbutt the orc.
The orc is moderately wounded.
You hit the orc priest.
The orc priest is severely wounded.
The orc priest hits you but does no damage.
The orc hits you but does no damage.
You hit the orc but do no damage.
The orc is moderately wounded.
You closely miss the orc priest.
The orc priest is severely wounded.
The orc priest becomes somewhat translucent.
You block the orc's attack.
You hit the orc but do no damage. You headbutt the orc, but do no damage.
The orc is moderately wounded.
You hit the orc priest but do no damage.
The orc priest is severely wounded.
The orc priest mumbles some strange prayers to Beogh against you.
Pain shoots through your body!
You die...

##.#
#.#.####.###.# .♣
##.###
#.#......#...# ♣
.....#
#.########...#
.....#####.#
#.>...#
...........#
###.#.....P.≈
.....#######
#...#......≈≈
.....#
#####.#####...PPP
###### #.......#
....♣♣ #.####@)#
..... #..oo..#.##
#.#..### #.#... .
...## ## ##.# .#
.# .


You could see an orc priest and an orc.

Vanquished Creatures
  An orc priest (D:3)
  4 adders
  A giant mite (D:2)
  A worm (D:2)
  An ooze (D:1)
  An orc (D:3)
  8 bats
  3 giant cockroaches
  4 goblins
  2 hobgoblins (D:2)
  7 kobolds
  2 quokkas
  3 giant newts
  11 rats
49 creatures vanquished.

Notes
Turn   | Place    | Note
--------------------------------------------------------------
     0 | D:1      | Meamyr, the Minotaur Fighter, began the quest for the Orb.
     0 | D:1      | Reached XP level 1. HP: 19/19 MP: 1/1
   334 | D:1      | Reached skill level 4 in Shields
   351 | D:1      | Reached XP level 2. HP: 24/27 MP: 1/1
   595 | D:2      | Reached XP level 3. HP: 31/33 MP: 2/2
   856 | D:2      | Found an iron altar of Okawaru.
   874 | D:2      | Became a worshipper of Warmaster Okawaru
  1030 | D:2      | Reached XP level 4. HP: 40/40 MP: 2/2
  1435 | D:3      | Killed from afar by an orc priest

Action                   |  1- 3 |  4- 6 || total
-------------------------+-------+-------++-------
Melee: War axe           |    75 |    18 ||    93
       Hand axe          |       |     9 ||     9
  Eat: Chunk             |       |     2 ||     2
